 Dungeon Crawl Stone Soup version 0.17-a0-1375-g89b919d (webtiles) character file.

158973 seba5609 the Tortoise (level 18, -3/153 HPs)
             Began as a Formicid Fighter on June 13, 2015.
             Was the Champion of Ru.
             Slain by a ten-headed hydra (5 damage)
             ... on level 3 of the Swamp on June 14, 2015.
             The game lasted 03:21:28 (31801 turns).

seba5609 the Tortoise (Formicid Fighter)           Turns: 31801, Time: 03:21:28

Health: -3/153     AC: 28    Str: 27      XL:     18   Next: 36%
Magic:  0/24       EV: 15    Int: 15 (16) God:    Ru [******]
Gold:   2844       SH: 23    Dex: 15      Spells: 2 memorised, 19 levels left

rFire  . . .     SeeInvis +     V - +2 battleaxe (chop)
rCold  + . .     Clarity  .     T - +3 chain mail {rC+}
rNeg   . . .     SustAt   .     c - +2 large shield {rPois}
rPois  +         Gourm    .     (helmet unavailable)
rElec  .         Spirit   +     g - +2 cloak
rCorr  .         Warding  .     G - +2 pair of gloves
rMut   .         Stasis   +     i - +2 pair of boots
MR     +....                    J - amulet of guardian spirit
Stlth  ..........               f - +4 ring of evasion
                                a - +5 ring of strength

@: exhausted, somewhat resistant to hostile enchantments, extremely unstealthy
A: permanent stasis, dig shafts and tunnels, four strong arms, antennae 3,
hooves 1, repulsion field 1, agile 1, clever 2, deterioration 2, high mp 1,
regeneration 1, inability to use devices, hated by all, inability to train
dodging, no earth magic, no translocations magic, no transmutations magic,
disrupted magic 1
a: Dig, Shaft Self, Draw Out Power, Power Leap, Apocalypse, Renounce Religion


You were on level 3 of the Swamp.
You worshipped Ru.
Ru was exalted by your worship.
You were not hungry.

You visited 5 branches of the dungeon, and saw 34 of its levels.

You collected 3624 gold pieces.
You spent 780 gold pieces at shops.

Inventory:

Hand weapons
 V - a +2 battleaxe of chopping (weapon)
Armour
 c - a +2 large shield of poison resistance (worn)
 g - a +2 cloak (worn)
 i - a +2 pair of boots (worn)
 G - a +2 pair of gloves (worn)
 T - a +3 chain mail of cold resistance (worn)
Jewellery
 a - a +5 ring of strength (left hand)
 f - a +4 ring of evasion (right hand)
 h - an uncursed ring of protection from cold
 u - a +5 ring of dexterity
 y - an uncursed ring of protection from cold
 I - an uncursed amulet of resist corrosion
 J - an amulet of guardian spirit (around neck)
 P - an uncursed ring of protection from fire
 S - an uncursed ring of positive energy
Scrolls
 e - 8 scrolls of remove curse
 j - 9 scrolls of identify
 l - 3 scrolls of enchant weapon
 o - 5 scrolls of fear
 x - 3 scrolls of enchant armour
 B - 5 scrolls of fog
 D - 2 scrolls of magic mapping
 F - 3 scrolls of amnesia
 L - 2 scrolls of acquirement
Potions
 b - 10 potions of curing
 d - a potion of might
 k - 4 potions of cancellation
 p - a potion of invisibility
 q - 2 potions of flight
 t - 5 potions of brilliance
 H - a potion of agility
 N - 2 potions of heal wounds
 Q - 2 potions of magic
Books
 r - a book of Minor Magic

   Spells                             Type                      Level
   a - Magic Dart                     Conjuration                  1
   b - Blink                          Translocation                2
   c - Call Imp                       Summoning                    2
   d - Repel Missiles                 Charms/Air                   2
   e - Slow                           Hexes                        2
   f - Conjure Flame                  Conjuration/Fire             3
   g - Mephitic Cloud                 Conjuration/Poison/Air       3
 E - a book of the Tempests

   Spells                             Type                      Level
   a - Static Discharge               Conjuration/Air              3
   b - Lightning Bolt                 Conjuration/Air              5
   c - Fireball                       Conjuration/Fire             5
   d - Tornado                        Air                          9
   e - Shatter                        Earth                        9
 R - a book of Ice

   Spells                             Type                      Level
   a - Ice Form                       Ice/Transmutation            4
   b - Metabolic Englaciation         Hexes/Ice                    5
   c - Ozocubu's Refrigeration        Ice                          6
   d - Bolt of Cold                   Conjuration/Ice              6
   e - Freezing Cloud                 Conjuration/Ice/Air          6
   f - Simulacrum                     Ice/Necromancy               6
Comestibles
 m - 25 fruits
 n - 20 bread rations
 s - 19 beef jerkies
 v - 11 royal jellies
 z - 7 slices of pizza
 C - 4 meat rations


   Skills:
 + Level 16.8 Fighting
   Level 2.6 Long Blades
 + Level 15.2 Axes
 + Level 16.9 Armour
 - Level 15.0 Shields
 - Level 3.0 Spellcasting
 + Level 5.4 Conjurations
 - Level 4.5 Air Magic
 - Level 5.1 Poison Magic


You had 19 spell levels left.
You knew the following spells:

 Your Spells              Type           Power        Failure   Level  Hunger
a - Summon Butterflies    Summ           #.......     82%         1    #......
b - Mephitic Cloud        Conj/Pois/Air  ###.....     36%         3    ###....


Dungeon Overview and Level Annotations

Branches:
Dungeon (15/15)            Temple (0/1) D:7            Lair (8/8) D:11
  Swamp (4/4) Lair:4       Spider (3/4) Lair:6        Slime (0/6) Lair:6
    Orc (4/4) D:9             Elf (0/3) Orc:4        Vaults (0/5) D:14
 Depths (0/5) D:15

Altars:
Ashenzari
Nemelex Xobeh
Okawaru
Qazlal
Ru
Sif Muna
Trog
Xom
The Shining One
Beogh
Jiyva

Shops:
D:12 !   D:14 }   Orc:4 ([?*

Annotations:
D:4 how strange
D:6 Edmund; Torax's ghost, experienced HOFi
D:9 orchish mines
D:11 lair
D:14 vaults
D:15 debths
Lair:4 swamp
Lair:6 slime, spider
Lair:8 unfinished
Orc:4 elven halls


Innate Abilities, Weirdness & Mutations

You are under a permanent stasis effect.
You can dig through walls and to a lower floor.
Your four strong arms can wield two-handed weapons with a shield.
You have a pair of large antennae on your head (SInv).
You cannot study or use magical devices.
You are hated by all.
You cannot train Dodging skill.
You cannot study or cast Earth magic.
You cannot study or cast Translocations magic.
You cannot study or cast Transmutations magic.
Your casting is slightly disrupted.
You have large cloven feet.
You are surrounded by a mild repulsion field (EV +2).
You are agile. (Dex +2)
Your mind is very acute. (Int +4)
Your body often deteriorates upon taking damage.
You have an increased reservoir of magic (+10% MP).
Your natural rate of healing is unusually fast.


Message History

The 13-headed hydra bites you but does no damage.
The 13-headed hydra bites you!
* * * LOW HITPOINT WARNING * * *
You focus your will and blind the 13-headed hydra in retribution!
The 13-headed hydra bites you.
* * * LOW HITPOINT WARNING * * *
You block the 13-headed hydra's attack. The 13-headed hydra misses you.
The 13-headed hydra closely misses you.
The 13-headed hydra bites you but does no damage.
The 13-headed hydra bites you!
* * * LOW HITPOINT WARNING * * *
The 13-headed hydra barely misses you.
The 13-headed hydra bites you but does no damage.
You block the 13-headed hydra's attack. The ten-headed hydra bites you!
* * * LOW HITPOINT WARNING * * *
You focus your will and illuminate the ten-headed hydra in retribution!
The ten-headed hydra bites you but does no damage.
You block the ten-headed hydra's attack.
The ten-headed hydra barely misses you. The ten-headed hydra bites you.
You die...

♣ ♣≈.≈≈≈≈≈≈≈≈..♣.≈≈†.≈...≈...≈
♣♣♣ ♣.≈≈≈≈≈≈≈≈§≈.♣.≈..♣♣♣....♣♣♣
..♣♣♣♣≈≈≈≈≈≈≈≈≈≈≈≈≈≈≈≈≈...§♣♣♣♣♣♣
≈≈.♣♣.≈≈≈≈...≈≈≈≈≈≈≈≈≈.≈≈.♣♣♣≈♣♣≈
..♣♣♣♣......♣.≈≈≈≈.....♣♣♣♣♣....≈
...♣≈♣♣♣♣............♣♣♣..♣♣♣....
.≈≈≈.♣♣ ♣♣≈.≈.≈≈≈≈≈≈>♣♣≈..≈.≈≈..≈
.≈≈≈≈§♣ ♣♣...≈D≈≈≈≈.♣♣♣♣≈.≈≈..≈≈
..≈≈≈.♣♣♣♣≈≈≈≈.D@≈§≈♣♣...≈≈≈≈.♣♣♣
.......≈≈≈.≈≈..≈♣≈.§♣♣...≈≈≈.♣♣
≈≈≈..≈≈≈≈≈≈≈≈..♣♣♣♣...≈≈≈≈≈.≈♣♣
≈≈...§≈≈≈≈≈≈≈.♣♣♣ ♣≈.≈≈≈≈.....♣
≈≈≈≈..≈≈≈.≈≈≈≈≈≈♣ ♣♣≈......≈.♣♣
≈.≈≈.[≈≈≈≈≈§.♣♣♣♣♣♣♣≈....≈..♣♣
♣♣..≈≈≈≈≈≈..♣♣ ♣♣.≈≈≈.♣♣♣♣♣♣
♣♣♣♣♣....♣♣♣ ♣≈≈≈≈≈.≈≈♣ ♣♣≈♣≈♣
♣♣.P..♣≈≈♣


You could see a 13-headed hydra (blind) and a ten-headed hydra.

Vanquished Creatures
  Saint Roka (Orc:4)
  Rupert (D:15)
  Asterion (Spider:1)
  Agnes (Spider:3)
  The ghost of kaze the Stormcaller, a mighty TeAE of Qazlal (Spider:2)
  Donald (Lair:6)
  An orc warlord (Orc:4)
  An emperor scorpion (Spider:1)
  A rakshasa (D:15)
  The ghost of hackum the Protected, a powerful DgFi (Orc:3)
  An ogre mage (D:14)
  8 hydras
  A centaur warrior (D:12)
  2 dancing weapons (D:14)
  A catoblepas (Lair:7)
  6 alligators
  A tengu warrior (D:14)
  2 orc high priests (Orc:4)
  10 death yaks
  3 spriggans
  Sonja (D:15)
  4 skeletal warriors (D:14)
  9 swamp dragons
  A lindwurm (Lair:7)
  Pikel (D:4)
  3 hill giants
  2 orc knights (Orc:4)
  A griffon (Lair:8)
  A water nymph (shapeshifter) (D:13)
  15 wolf spiders
  3 orc sorcerers
  9 orb spiders
  18 ugly things
  2 manticores (D:15)
  4 hornets
  6 black mambas
  Maurice (D:12)
  20 elephants
  2 torpor snails
  Psyche (D:8)
  A gargoyle (D:12)
  20 spiny frogs
  2 kobold demonologists
  14 komodo dragons
  A fire drake (Lair:7)
  6 two-headed ogres
  A two-headed ogre (shapeshifter) (D:15)
  9 demonic crawlers
  4 giant leeches
  A queen bee (Lair:2)
  14 jumping spiders
  A merfolk (D:12)
  7 trolls
  18 slime creatures
  15 bog bodies
  17 blink frogs
  9 trapdoor spiders
  3 shadows
  7 tarantellas
  5 wyverns
  25 redbacks
  A hungry ghost (D:15)
  A tarantella (shapeshifter) (D:15)
  44 yaks
  5 basilisks
  2 deep elf magi
  A soldier ant (D:13)
  16 wolves
  27 swamp worms
  19 vampire mosquitoes
  4 wargs
  9 hippogriffs
  Menkaure (D:7)
  6 insubstantial wisps (Swamp:3)
  16 water moccasins
  3 mottled dragons
  3 ice beasts
  3 slaves (D:4)
  10 swamp drakes
  35 orc warriors
  14 porcupines
  5 sky beasts
  3 wasps
  26 spiders
  6 centaurs
  2 necrophages
  13 ogres
  A black bear (Lair:4)
  2 phantoms
  7 crocodiles
  A brain worm (D:8)
  A big kobold (D:9)
  12 giant frogs
  3 scorpions
  29 killer bees
  16 wights
  3 crimson imps
  3 electric eels
  A giant frog zombie (D:6)
  18 jellies
  2 gnoll shamans (D:3)
  6 hounds
  35 orc wizards
  A giant frog skeleton (D:7)
  3 centaur zombies
  6 centaur skeletons
  A quasit (D:10)
  10 iguanas
  34 orc priests
  5 worker ants
  7 sheep
  A worker ant zombie (D:11)
  43 gnolls
  66 river rats
  9 adders
  8 shadow imps
  17 oozes
  6 worms
  2 adder zombies (D:6)
  6 giant geckos
  207 orcs
  19 bats
  8 giant cockroaches
  22 hobgoblins
  24 jackals
  20 kobolds
  2 quokkas
  A ball python (D:1)
  A giant gecko zombie (D:8)
  4 giant newts
  25 goblins
  A quokka skeleton (D:5)
  A quokka zombie (D:7)
  19 rats
  16 fungi
  9 plants
  A spectral weapon (Spider:1)
1349 creatures vanquished.

Vanquished Creatures (others)
  An orc warlord (Orc:4)
  An emperor scorpion (Spider:3)
  5 hydras
  A centaur warrior (D:14)
  2 death yaks
  A tengu warrior (D:14)
  A swamp dragon (Swamp:4)
  A griffon (D:14)
  A wolf spider (Spider:1)
  An elephant (Lair:2)
  3 komodo dragons
  A spiny frog (Lair:3)
  A demonic crawler (Lair:6)
  A jumping spider (Spider:1)
  A two-headed ogre (D:9)
  A slime creature (Swamp:1)
  A bog body (Swamp:4)
  4 yaks
  2 redbacks (Spider:1)
  A tarantella (Spider:1)
  A wolf (Lair:7)
  A porcupine (Lair:3)
  2 swamp drakes (Swamp:4)
  A water moccasin (Lair:3)
  An ogre (Orc:2)
  2 orc warriors
  A giant frog (Lair:3)
  A killer bee (Lair:2)
  A scorpion (Lair:3)
  An orc priest (Orc:1)
  An orc wizard (Orc:4)
  A river rat (Lair:3)
  6 orcs
  2 bats (D:4)
  16 fungi
  9 plants
78 creatures vanquished.

Grand Total: 1427 creatures vanquished

Notes
Turn   | Place    | Note
--------------------------------------------------------------
     0 | D:1      | seba5609 the Formicid Fighter began the quest for the Orb.
     0 | D:1      | Reached XP level 1. HP: 18/18 MP: 1/1
    94 | D:1      | Reached XP level 2. HP: 20/24 MP: 2/2
   265 | D:1      | Reached XP level 3. HP: 26/29 MP: 3/3
   291 | D:1      | Reached skill level 4 in Shields
   598 | D:1      | Reached XP level 4. HP: 37/37 MP: 4/4
   806 | D:2      | Found a sparkling altar of Nemelex Xobeh.
   941 | D:2      | Found a faded altar to an unknown god.
   989 | D:2      | Reached XP level 5. HP: 39/42 MP: 5/5
  1392 | D:3      | Found a sacrificial altar of Ru.
  1401 | D:3      | Reached skill level 1 in Axes
  1414 | D:3      | Gained mutation: You heal slowly when monsters are visible. [potion of mutation]
  1414 | D:3      | Gained mutation: You occasionally shout uncontrollably at your foes. [potion of mutation]
  1414 | D:3      | Gained mutation: You do not heal naturally when monsters are visible. [potion of mutation]
  1451 | D:3      | Became a worshipper of Ru the Awakened
  1954 | D:3      | Reached XP level 6. HP: 41/49 MP: 6/6
  2319 | D:3      | Reached skill level 5 in Shields
  2426 | D:3      | Reached XP level 7. HP: 40/55 MP: 7/7
  2462 | D:3      | Reached skill level 5 in Armour
  2489 | D:3      | Reached skill level 5 in Fighting
  2754 | D:3      | Noticed an ogre
  2759 | D:3      | Killed an ogre
  3100 | D:3      | Reached XP level 8. HP: 57/63 MP: 8/8
  3199 | D:3      | Gained mutation: You cannot study or cast Earth magic. [Ru sacrifice]
  3199 | D:3      | Gained mutation: You cannot study or cast Transmutations magic. [Ru sacrifice]
  3199 | D:3      | Gained mutation: You cannot study or cast Translocations magic. [Ru sacrifice]
  3199 | D:3      | Acquired Ru's first power
  3621 | D:4      | Noticed Pikel
  3632 | D:4      | Killed Pikel
  3632 | D:4      | Reached skill level 6 in Fighting
  3726 | D:4      | Gained mutation: You possess an exceptional clarity of mind. [potion of mutation]
  3726 | D:4      | Gained mutation: Your spells are a little harder to cast, but a little more powerful. [potion of mutation]
  4166 | D:5      | Entered Level 5 of the Dungeon
  4406 | D:5      | Reached skill level 5 in Axes
  4406 | D:5      | Reached XP level 9. HP: 49/71 MP: 9/9
  4745 | D:4      | Found a glowing golden altar of the Shining One.
  4851 | D:6      | Reached skill level 7 in Shields
  4904 | D:6      | Gained mutation: Your casting is slightly disrupted. [Ru sacrifice]
  5218 | D:6      | Noticed Edmund
  5218 | D:6      | Noticed Torax's ghost (experienced HOFi)
  5328 | D:7      | Found a staircase to the Ecumenical Temple.
  5484 | D:7      | Noticed Menkaure
  5490 | D:7      | You fall through a shaft!
  5518 | D:8      | Gained mutation: You have an increased reservoir of magic (+10% MP). [mutagenic meat]
  5519 | D:8      | Lost mutation: You do not heal naturally when monsters are visible. [mutagenic meat]
  5520 | D:8      | Lost mutation: Your spells are a little harder to cast, but a little more powerful. [mutagenic meat]
  5521 | D:8      | Lost mutation: You occasionally shout uncontrollably at your foes. [mutagenic meat]
  5632 | D:7      | Killed Menkaure
  5776 | D:8      | Reached skill level 8 in Shields
  5813 | D:8      | Noticed Psyche
  5823 | D:8      | Killed Psyche
  5823 | D:8      | Reached XP level 10. HP: 80/80 MP: 11/11
  5894 | D:8      | Found a stormy altar of Qazlal.
  5894 | D:8      | Found an iron altar of Okawaru.
  5898 | D:8      | Found a deep blue altar of Sif Muna.
  5898 | D:8      | Found a shimmering altar of Xom.
  5912 | D:8      | You fall through a shaft for 2 floors!
  5912 | D:10     | Entered Level 10 of the Dungeon
  5999 | D:10     | Gained mutation: You cannot study or use magical devices. [Ru sacrifice]
  5999 | D:10     | Acquired Ru's second power
  5999 | D:10     | Acquired Ru's third power
  5999 | D:10     | Acquired Ru's fourth power
  6134 | D:10     | Reached skill level 9 in Shields
  6834 | D:11     | Learned a level 1 spell: Summon Butterflies
  7008 | D:11     | Noticed a brown ugly thing
  7019 | D:11     | Killed a brown ugly thing
  7019 | D:11     | Reached XP level 11. HP: 56/89 MP: 12/12
  7077 | D:11     | Noticed a hill giant
  7084 | D:11     | Killed a hill giant
  7139 | D:11     | Noticed a purple ugly thing
  7148 | D:11     | Killed a purple ugly thing
  7148 | D:11     | Reached skill level 10 in Shields
  7185 | D:11     | Found a staircase to the Lair.
  7192 | Lair:1   | Entered Level 1 of the Lair of Beasts
  7324 | Lair:1   | Reached skill level 1 in Dodging
  7454 | Lair:1   | Reached skill level 10 in Fighting
  7486 | Lair:1   | Gained mutation: You cannot train Dodging skill. [Ru sacrifice]
  7486 | Lair:1   | Acquired Ru's fifth power
  7659 | Lair:1   | Reached skill level 10 in Armour
  8037 | Lair:2   | Reached skill level 11 in Shields
  8044 | Lair:2   | Reached XP level 12. HP: 57/98 MP: 9/13
  8399 | Lair:2   | Gained mutation: You are surrounded by a mild repulsion field (EV +2). [potion of mutation]
  8399 | Lair:2   | Gained mutation: Your mind is acute. (Int +2) [potion of mutation]
  8399 | Lair:2   | Gained mutation: You can spit weak poison. [potion of mutation]
  8463 | Lair:2   | Gained mutation: You are hated by all. [Ru sacrifice]
  9496 | Lair:3   | Reached skill level 12 in Shields
  9689 | Lair:3   | Reached skill level 10 in Axes
 10222 | Lair:4   | Noticed a death yak
 10222 | Lair:4   | Noticed a death yak
 10222 | Lair:4   | Noticed a death yak
 10222 | Lair:4   | Noticed a death yak
 10222 | Lair:4   | Noticed a death yak
 10222 | Lair:4   | Noticed a death yak
 10222 | Lair:4   | Noticed a death yak
 10236 | Lair:3   | Killed a death yak
 10236 | Lair:3   | Reached XP level 13. HP: 65/107 MP: 14/14
 10313 | Lair:4   | Killed a death yak
 10341 | Lair:4   | Killed a death yak
 10352 | Lair:4   | Killed a death yak
 10358 | Lair:4   | Killed a death yak
 10362 | Lair:4   | Killed a death yak
 10373 | Lair:4   | Killed a death yak
 10520 | Lair:4   | Noticed a four-headed hydra
 10530 | Lair:4   | Killed a five-headed hydra
 11095 | Lair:4   | Reached skill level 13 in Shields
 11306 | Lair:4   | Found a staircase to the Swamp.
 11937 | Lair:5   | You fall through a shaft for 3 floors!
 11937 | Lair:8   | Entered Level 8 of the Lair of Beasts
 12032 | Lair:8   | Gained mutation: Your body sometimes deteriorates upon taking damage. [potion of mutation]
 12032 | Lair:8   | Gained mutation: You are agile. (Dex +2) [potion of mutation]
 12032 | Lair:8   | Gained mutation: You are resistant to electric shocks. [potion of mutation]
 12143 | Lair:7   | You fall through a shaft!
 12413 | Lair:6   | Reached XP level 14. HP: 61/116 MP: 6/15
 12504 | Lair:6   | Found a viscous altar of Jiyva.
 12504 | Lair:6   | Found a staircase to the Slime Pits.
 12799 | Lair:6   | Found a hole to the Spider Nest.
 13547 | Lair:7   | Reached skill level 1 in Spellcasting
 13690 | Lair:7   | Reached skill level 14 in Shields
 14257 | Lair:8   | Learned a level 3 spell: Mephitic Cloud
 14469 | Lair:8   | Upgraded the game from 0.17-a0-1373-g64d4c99 to 0.17-a0-1375-g89b919d
 15200 | D:12     | Reached XP level 15. HP: 118/125 MP: 19/21
 15284 | D:12     | Noticed Maurice
 15303 | D:12     | Killed Maurice
 15407 | D:12     | Found a shattered altar of Ashenzari.
 15422 | D:12     | Found Bidu's Distillery.
 17167 | D:14     | Reached skill level 15 in Shields
 17237 | D:14     | Lost mutation: You heal slowly when monsters are visible. [mutagenic meat]
 17238 | D:14     | Gained mutation: You are frail (-10% HP). [mutagenic meat]
 17240 | D:14     | Gained mutation: Your mind is very acute. (Int +4) [mutagenic meat]
 17387 | D:14     | Found a gate to the Vaults.
 17398 | D:14     | Reached skill level 1 in Conjurations
 17424 | D:14     | Gained mutation: You are resistant to hostile enchantments. [mutagenic meat]
 17426 | D:14     | Lost mutation: You are resistant to hostile enchantments. [mutagenic meat]
 17427 | D:14     | Lost mutation: You are resistant to electric shocks. [mutagenic meat]
 17428 | D:14     | Lost mutation: You are agile. (Dex +2) [mutagenic meat]
 17466 | D:14     | Found Uhyprozes's Gadget Shoppe.
 17905 | D:15     | Entered Level 15 of the Dungeon
 17941 | D:15     | Noticed Sonja
 18391 | D:13     | Lost mutation: You can spit weak poison. [mutagenic meat]
 18560 | D:15     | Noticed Rupert
 18603 | D:15     | Killed Rupert
 18667 | D:15     | Reached skill level 1 in Air Magic
 18667 | D:15     | Killed Sonja
 18954 | D:15     | Reached XP level 16. HP: 118/120 MP: 22/22
 18965 | D:15     | Gained mutation: You have sharp toenails. [mutagenic meat]
 18986 | D:15     | Found a staircase to the Depths.
 19116 | D:15     | Gained mutation: You can spit weak poison. [mutagenic meat]
 19418 | D:11     | Gained mutation: Your body often deteriorates upon taking damage. [mutagenic meat]
 19419 | D:11     | Lost mutation: You possess an exceptional clarity of mind. [mutagenic meat]
 19420 | D:11     | Lost mutation: You have sharp toenails. [mutagenic meat]
 19421 | D:11     | Gained mutation: You are agile. (Dex +2) [mutagenic meat]
 19660 | Spider:1 | Entered Level 1 of the Spider Nest
 19666 | Spider:1 | Noticed Donald
 19939 | Swamp:1  | Entered Level 1 of the Swamp
 20342 | Swamp:1  | Reached skill level 15 in Armour
 20367 | Swamp:1  | Gained mutation: Your system is resistant to poisons. [mutagenic meat]
 20368 | Swamp:1  | Lost mutation: You can spit weak poison. [mutagenic meat]
 20388 | Lair:4   | Gained mutation: You have a somewhat thin skeletal structure (Dex +2, Stealth). [mutagenic meat]
 20521 | Lair:6   | Killed Donald
 20521 | Lair:6   | Reached skill level 15 in Fighting
 20895 | Spider:1 | Noticed Asterion
 20909 | Spider:1 | HP: 3/122 [Asterion/morningstar of protection (6)]
 20941 | Spider:1 | Killed Asterion
 20943 | Spider:1 | Got a slimy shield
 20957 | Lair:6   | Identified the +5 shield "Seokumet" {MP+9} (You took it off Asterion on level 1 of the Spider Nest)
 22130 | Spider:2 | Noticed kaze's ghost (mighty TeAE)
 22245 | Spider:2 | Reached skill level 1 in Poison Magic
 22245 | Spider:2 | Reached XP level 17. HP: 80/127 MP: 23/23
 22301 | Spider:2 | Killed kaze's ghost
 23179 | Spider:3 | Lost mutation: You are agile. (Dex +2) [potion of mutation]
 23179 | Spider:3 | Lost mutation: Your system is resistant to poisons. [potion of mutation]
 23179 | Spider:3 | Lost mutation: You are frail (-10% HP). [potion of mutation]
 23643 | Spider:3 | Noticed Agnes
 23649 | Spider:3 | Killed Agnes
 24309 | D:9      | Gained mutation: Your natural rate of healing is unusually fast. [mutagenic meat]
 24310 | D:9      | Gained mutation: You are agile. (Dex +2) [mutagenic meat]
 24311 | D:9      | Gained mutation: You evolve. [mutagenic meat]
 24312 | D:9      | Lost mutation: You have a somewhat thin skeletal structure (Dex +2, Stealth). [mutagenic meat]
 24852 | D:9      | Found a staircase to the Orcish Mines.
 25970 | Orc:1    | Entered Level 1 of the Orcish Mines
 26838 | Orc:3    | Noticed hackum's ghost (powerful DgFi)
 26858 | Orc:3    | Killed hackum's ghost
 26858 | Orc:3    | Reached skill level 16 in Armour
 27093 | Orc:3    | Gained mutation: You have large cloven feet. [evolution]
 27093 | Orc:3    | Lost mutation: You evolve. [end of evolution]
 27491 | Orc:4    | Entered Level 4 of the Orcish Mines
 27509 | Orc:4    | Found a staircase to the Elven Halls.
 27550 | Orc:4    | Found a bloodstained altar of Trog.
 27570 | Orc:4    | Found a roughly hewn altar of Beogh.
 27717 | Orc:4    | Reached skill level 5 in Poison Magic
 27778 | Orc:4    | Found Naroudymi's Antique Armour Boutique.
 27779 | Orc:4    | Found a roughly hewn altar of Beogh.
 27788 | Orc:4    | Found Fomioqoph's Antique Weapon Shop.
 28115 | Orc:4    | Found a roughly hewn altar of Beogh.
 28116 | Orc:4    | Found Gokhar's Magic Scroll Boutique.
 28194 | Orc:4    | Noticed Saint Roka
 28229 | Orc:4    | Killed Saint Roka
 28333 | Orc:4    | Found a roughly hewn altar of Beogh.
 28333 | Orc:4    | Found Cogrypul's Assorted Antiques.
 28416 | Orc:4    | Found a roughly hewn altar of Beogh.
 28511 | Orc:4    | Found a roughly hewn altar of Beogh.
 28704 | Orc:4    | Found a roughly hewn altar of Beogh.
 28752 | Orc:4    | Bought a scroll of acquirement for 780 gold pieces
 30657 | Swamp:3  | Reached XP level 18. HP: 153/153 MP: 24/24
 30692 | Swamp:3  | Reached skill level 15 in Axes
 31338 | Swamp:4  | Entered Level 4 of the Swamp
 31372 | Swamp:3  | Reached skill level 5 in Conjurations
 31801 | Swamp:3  | HP: 2/153 [ten-headed hydra (9)]
 31801 | Swamp:3  | Slain by a ten-headed hydra

Vault maps used:
D:1:      dpeg_arrival_prison, minmay_door_square, kennysheep_nondescript
D:2:      serial_bayou, serial_bayou_lagoon_a, serial_bayou_lagoon_b,
          serial_bayou_pond_e, serial_bayou_pond_b, ecumenical_altar_1,
          nemelex_dance_club_becter
D:3:      lemuel_castle_with_subvaults, nicolae_ru_sacrificial_ziggurat
D:4:      lemuel_upstairs_altar, first_bread, uniq_pikel
D:6:      zin_statuary, basic_altar, sigmund_edmund_badplayer,
          uniq_crazy_yiuf_cottage
D:7:      minmay_temple_entry_hall, uniq_menkaure
D:8:      grunt_temple_overflow_open, uniq_psyche
D:9:      erik_orc_1
D:11:     lair_0_dummy
D:12:     basic_altar, serial_shops, shop_fountains, hangedman_fish_farm,
          uniq_maurice
D:13:     kennysheep_funnel
D:14:     erik_vaults_1, dk_noncrumbling_4, serial_shops, nicolae_shop_trees
D:15:     hangedman_depths_entry_try_elsewhere_first,
          roderic_lattice_octagonal_star, uniq_rupert, uniq_sonja
Lair:1:   st_stairs_9, infiniplex_staircase_pool_2
Lair:2:   lemuel_slime, special_room
Lair:3:   dpeg_oklob_shooting_range
Lair:4:   nicolae_swamp_entry_splash_gauntlet, beast_lair_carwin_2
Lair:6:   spider_nest_entry_a, slime_altar_1, infiniplex_staircase_pool
Lair:7:   minivault_27, minivault_26, ldierk_geyser, grunt_megastairs_1
Lair:8:   evil_forest, grunt_megastairs_4, lemuel_fruit_tree
Swamp:1:  hangedman_swamp_blocks
Swamp:2:  serial_swamp_ruin, hangedman_swamp_ruin_wall,
          evilmike_swamp_ruin_house_1, evilmike_swamp_ruin_rubble_1,
          water_boxes_lemuel
Swamp:3:  evilmike_swamp_ruin_house_3, swamp_pool1, nicolae_swamp_stair_fork,
          nicolae_swamp_treefoil
Swamp:4:  grunt_swamp_rune_castle, swamp_pool3, grunt_ruined_hall, uniq_mara
Spider:1: spiders_nest_spider_trap, uniq_asterion, uniq_donald
Spider:3: worms_lemuel, uniq_arachne, uniq_agnes
Orc:1:    nicolae_orc_rockfall
Orc:3:    nicolae_orc_pool_cavern, nicolae_orc_flooded_monolith
Orc:4:    grunt_orc_community_town_hall, grunt_orc_community_big_house_1,
          grunt_orc_community_big_house_1, grunt_orc_community_house_1,
          grunt_orc_community_house_2, grunt_orc_community_house_3,
          grunt_orc_community_house_2, grunt_orc_community_house_2, basic_altar,
          bloody_trog, uniq_saint_roka

Action                   |  1- 3 |  4- 6 |  7- 9 | 10-12 | 13-15 | 16-18 || total
-------------------------+-------+-------+-------+-------+-------+-------++-------
Melee: Long sword        |   127 |    63 |       |       |       |       ||   190
       Broad axe         |       |   185 |   422 |    22 |       |       ||   629
       War axe           |       |       |       |   779 |  1412 |  1392 ||  3583
       Battleaxe         |       |       |       |       |       |   447 ||   447
Invok: Sacrifice Arcana  |       |       |     1 |       |       |       ||     1
       Sacrifice Essence |       |       |     1 |       |       |       ||     1
       Sacrifice Artific |       |       |       |     1 |       |       ||     1
       Power Leap        |       |       |       |     3 |    23 |    11 ||    37
       Sacrifice Nimblen |       |       |       |     1 |       |       ||     1
       Draw Out Power    |       |       |       |     2 |     3 |     5 ||    10
       Sacrifice Love    |       |       |       |     1 |       |       ||     1
       Apocalypse        |       |       |       |       |     3 |     4 ||     7
 Abil: Dig               |       |     2 |     9 |     2 |    11 |     5 ||    29
       Shaft Self        |       |       |     1 |       |     1 |       ||     2
  Use: Potion            |       |     4 |     4 |     1 |     3 |    12 ||    24
       Scroll            |       |       |    13 |     6 |     4 |     8 ||    31
 Stab: Invisible         |       |       |       |     3 |    14 |    18 ||    35
       Paralysed         |       |       |       |     7 |    23 |    14 ||    44
       Distracted        |       |       |       |     3 |     4 |     6 ||    13
       Fleeing           |       |       |       |       |     1 |       ||     1
       Petrified         |       |       |       |       |     5 |       ||     5
       Confused          |       |       |       |       |       |     4 ||     4
  Eat: Bread ration      |       |     1 |       |     1 |       |     1 ||     3
       Chunk             |       |     2 |    15 |    10 |    41 |    42 ||   110
       Meat ration       |       |       |     1 |     1 |     2 |     3 ||     7
       Royal jelly       |       |       |       |       |     1 |       ||     1
       Fruit             |       |       |       |       |     1 |       ||     1
       Beef jerky        |       |       |       |       |       |     2 ||     2
